 Dungeon Sprint DCSS version 0.28-a0-401-ge240ad9e29 (webtiles) character file.

Game seed: 17366364841677910062

109 SkeletonJelly the Carver (level 4, -12/48 HPs)
             Began as a Minotaur Gladiator on Sept 4, 2021.
             Mangled by an ogre (23 damage)
             ... in the Dungeon (Sprint IX: "|||||||||||||||||||||||||||||").
             The game lasted 00:00:57 (274 turns).

SkeletonJelly the Carver (Minotaur Gladiator)        Turns: 274, Time: 00:00:58

Health: -12/48     AC:  3    Str: 20    XL:     4   Next: 59%
Magic:  3/3        EV: 12    Int:  5    God:
Gold:   0          SH:  0    Dex: 11    Spells: 3/3 levels left

rFire   . . .      SeeInvis .   a - +0 long sword
rCold   . . .      Faith    .   (no shield)
rNeg    . . .      Spirit   .   b - +0 leather armour
rPois   .          Reflect  .   c - +0 hat
rElec   .          Harm     .   (no cloak)
rCorr   .          Rampage  .   (no gloves)
Will    .....      NoTele   +   (no boots)
Stlth   +.........              (no amulet)
HPRegen 0.16/turn               (no ring)
MPRegen 0.08/turn               (no ring)

@: no status effects
A: horns 2, retaliatory headbutt
a: no special abilities


You were in the Dungeon.
You visited 1 branch

Inventory:

Hand Weapons
 a - a +0 long sword (weapon)
Missiles
 d - a throwing net (quivered)
Armour
 b - a +0 leather armour (worn)
 c - a +0 hat (worn)
Scrolls
 j - a scroll of blinking
Potions
 f - a potion of heal wounds
 g - a potion of haste
 h - 2 potions of magic
 i - a potion of berserk rage


   Skills:
 + Level 8.1 Fighting
 + Level 8.6 Long Blades
 - Level 2.0 Throwing
 - Level 3.2 Dodging


You had 3 spell levels left.
You didn't know any spells.
Your spell library was empty.

Dungeon Overview and Level Annotations

Branches:
Dungeon (1/1)

Altars:


Innate Abilities, Weirdness & Mutations

You have a pair of horns on your head.
You reflexively headbutt those who attack you in melee.


Message History

You miss the adder.
The adder is almost dead.
You feel sick. The adder bites you.
* * * LOW HITPOINT WARNING * * *
You take 4 damage, and have 5/28 hp.
You feel better. The adder misses you.
You regained 10 hp, and now have 15/28 hp.
You miss the adder.
The adder is almost dead.
The adder bites you. x2
You take 3 damage, and have 12/28 hp.
You miss the adder.
The adder is almost dead.
The adder bites you but does no damage.
You closely miss the adder. Your headbutt misses the adder.
The adder is almost dead.
The adder barely misses you. The adder closely misses you.
You furiously retaliate!
You headbutt the adder!
You kill the adder!
Your Fighting skill increases to level 5!
Your Long Blades skill increases to level 6!
Unknown command.
Throw: 3 throwing nets
Press: ? - help, Q - select action Shift-Dir - straight line, f - black bear
Aim: a black bear (67% to hit)
Okay, then.
Unknown command.
You close the door, pushing everything out of the way.
You start resting.
HP restored.
Health restored: 29 You open the door.
The black bear growls angrily.
The ogre shouts!
There is an open door, spattered with blood here.
You hit the black bear. You headbutt the black bear!
The black bear is heavily wounded.
The black bear closely misses you.
The black bear claws you but does no damage.
The black bear claws you.
You take 4 damage, and have 25/29 hp.
You barely miss the black bear.
The black bear is heavily wounded.
The black bear bites you.
The black bear claws you but does no damage. x2
You take 5 damage, and have 20/29 hp.
You hit the black bear. You headbutt the black bear.
The black bear is almost dead.
The black bear goes berserk!
The black bear misses you. You furiously retaliate!
You headbutt the black bear.
The black bear claws you but does no damage.
The black bear barely misses you.
You barely miss the black bear.
The black bear is almost dead.
The black bear bites you! The black bear claws you.
* * * LOW HITPOINT WARNING * * *
The black bear closely misses you.
You take 14 damage, and have 6/29 hp.
MASSIVE DAMAGE!!
You are too injured to fight recklessly!
You are too injured to fight recklessly!
You are too injured to fight recklessly!
You are too injured to fight recklessly!
You are too injured to fight recklessly!
Throw: 3 throwing nets
Press: ? - help, Q - select action Shift-Dir - straight line, f - black bear
Aim: a black bear (almost dead, berserk, 67% to hit)
You throw a throwing net. The throwing net hits the black bear.
The black bear is caught in the net!
The black bear is almost dead.
The black bear struggles against the net. x2
You slash the black bear!
You kill the black bear!
Your Fighting skill gained 3 levels and is now at level 8!
Your Long Blades skill gained 2 levels and is now at level 8!
You have reached level 3!
Your experience leads to an increase in your attributes!
Increase (S)trength, (I)ntelligence, or (D)exterity?
You feel stronger.
You have reached level 4!
You feel stronger.
You regained 5 hp, and now have 11/48 hp.
MP restored: 3 Throw: 2 throwing nets
Press: ? - help, Q - select action Shift-Dir - straight line, f - ogre
Aim: an ogre, wielding a +0 giant club (76% to hit)
You throw a throwing net.
The throwing net barely misses the ogre.
The throwing net barely misses the necrophage.
The ogre misses you. You furiously retaliate!
You headbutt the ogre. You hit the ogre.
The ogre is moderately wounded.
The ogre misses you.
You hit the ogre.
The ogre is heavily wounded.
You hit the ogre. You headbutt the ogre.
The ogre is severely wounded.
The ogre barely misses you.
You hit the ogre. You headbutt the ogre.
The ogre is almost dead.
The ogre hits you with a +0 giant club!!
You die... ▓▓▓▓▓▓▓▓▓▓▓▓▓▓▓▓▓▓ ▓<...))....@On..(+ ▓▓▓▓▓▓▓▓▓▓▓▓▓▓▓▓▓▓

You could see an ogre and a necrophage.

Vanquished Creatures
  A black bear (D)
  2 adders (D)
  2 goblins (D)
  A hobgoblin (D)
  A kobold (D)
  A rat (D)
8 creatures vanquished.

Notes
Turn   | Place    | Note
-------+----------+-------------------------------------------
     0 | D        | SkeletonJelly the Minotaur Gladiator began the quest for
                  | the Orb.
     0 | D        | Reached XP level 1. HP: 18/18 MP: 0/0
    71 | D        | Noticed a black bear
    71 | D        | Noticed an ogre
    71 | D        | Noticed a necrophage
    78 | D        | Reached skill level 5 in Long Blades
    78 | D        | Reached XP level 2. HP: 17/28 MP: 1/1
    86 | D        | Reached skill level 5 in Fighting
   269 | D        | Killed a black bear
   270 | D        | Reached XP level 3. HP: 9/40 MP: 2/2
   270 | D        | Reached XP level 4. HP: 11/48 MP: 3/3
   274 | D        | Mangled by an ogre

Illustrated notes

Levels and vault maps discovered:
D:        linesprint [early_d, line_temple, items_1, d_10, items_2, lair_1,
          lair_end, items_3, orc_1, orc_end, items_4, d_15, swamp_1, shoals_1,
          snake_1, spider_1, d_20, vaults_1, items_5, swamp_end, shoals_end,
          snake_end, spider_end, vaults_end, d_27, items_6, zot_1, zot_end,
          crypt_end, forest_end, elf_end, slime_end, tomb_end, abyss_end,
          pan_hell_end]

Skill      XL: |  1  2 |
---------------+-------+-----
Fighting       | 4 8 |  8.1
Long Blades    | 5 8 |  8.6
Throwing       | |  2.0
Dodging        | |  3.2

Action                   |  1- 3 |  4- 6 || total
-------------------------+-------+-------++-------
Melee: Long sword        |    25 |     4 ||    29
       Headbutt          |     4 |     2 ||     6
Throw: Throwing net      |     1 |     1 ||     2
  Use: Potion            |     1 |       ||     1
Armor: Leather armour    |     9 |       ||     9
Dodge: Dodged            |    18 |     3 ||    21

Table legend: (Time is in decaauts)
 A = Elapsed time spent in this place.
 B = Non-inter-level travel time spent in this place.
 C = Inter-level travel time spent in this place.
 D = Time resting spent in this place.
 E = Time spent auto-exploring this place.
 F = Levels seen in this place.
 G = Mean time per level.
                   A        B        C        D        E       F      G
               +--------+--------+--------+--------+--------+-----+--------+
         Total |    277 |    277 |      0 |    175 |     61 |   1 |  277.0 |
       Dungeon |    277 |    277 |      0 |    175 |     61 |   1 |  277.0 |
               +--------+--------+--------+--------+--------+-----+--------+

Top non-repeatable levels by time:
       D: 277 daAuts
